 Dungeon Crawl Stone Soup version 0.31.0-32-g396128a36d (webtiles) character file.

Game seed: 10947305385975390959

146 PaiMei the Scholar of Death (level 5, 0/39 HPs)
             Began as a Demonspawn Necromancer on Apr 17, 2024.
             Was a Follower of Kikubaaqudgha.
             Slain by a kobold brigand
             ... wielding a +0 short sword
              (4 damage)
             ... in a sewer.
             The game lasted 00:05:12 (3158 turns).

PaiMei the Scholar of Death (DsNe)                  Turns: 3158, Time: 00:05:13

Health: 0/39       AC:  4    Str:  8    XL:     5   Next: 7%
Magic:  1/9        EV: 12    Int: 17    God:    Kikubaaqudgha [*.....]
Gold:   118        SH:  5    Dex: 14    Spells: 9/10 levels left

rFire   . . .        p - +4 club
rCold   . . .        (no shield)
rNeg    . . .        a - +0 robe
rPois   .            (no helmet)
rElec   .            (no cloak)
rCorr   .            (no gloves)
SInv    .            (no boots)
Will    +....        e - amulet of reflection
Stlth   ++           j - ring of willpower
HPRegen 0.26/turn    (no ring)
MPRegen 0.11/turn

%: reflection
@: brilliant, lethally poisoned (0 -> -2), slowed, very slow
A: rugged brown scales 2, powered by death 1
a: Renounce Religion, Unearth Wretches


You were in a sewer.
You worshipped Kikubaaqudgha.
Kikubaaqudgha was aware of your devotion.
You visited 1 branch of the dungeon, and saw 3 of its levels.
You also visited: Sewer.

You collected 118 gold pieces.

Inventory:

Hand Weapons
 p - a +4 club (weapon)
Armour
 a - a +0 robe (worn)
 i - a +2 scale mail of willpower
 l - a scarf of harm
Jewellery
 e - an amulet of reflection (around neck)
 j - a ring of willpower (left hand)
Scrolls
 d - a scroll of identify {unknown}
 f - a scroll of fog {unknown}
 m - a scroll of fear {unknown}
 n - a scroll of blinking {unknown}
 o - a scroll of enchant weapon {unknown}
 q - a scroll of teleportation {unknown}
Potions
 b - a potion of magic
 g - a potion of ambrosia {unknown}
 h - a potion of degeneration {unknown}
 k - a potion of brilliance
 r - a potion of might {unknown}


   Skills:
 + Level 1.9 Fighting
 + Level 2.8 Dodging
 - Level 2.0 Stealth
 + Level 3.0 Spellcasting
 + Level 5.1 Necromancy


You had 9 spell levels left.
You knew the following spells:

 Your Spells              Type           Power      Damage    Failure   Level
a - Necrotise             Necr           100%       1d9       1%          1

Your spell library contained the following spells:

 Spells                   Type           Power      Damage    Failure   Level
 Kiss of Death            Conj/Necr      68%        2d10      6%          1
 Vampiric Draining        Necr           30%        2d8       6%          3
 Cigotuvi's Dreadful Rot  Necr/Alch/Air  24%        N/A       13%         2
 Animate Dead             Necr           30%        N/A       21%         4
 Dazzling Flash           Conj/Hex       6%         N/A       45%         3
 Volatile Blastmotes      Fire/Tloc      6%         2d10      45%         3
 Curse of Agony           Necr           30%        N/A       50%         5
 Starburst                Conj/Fire      1%         6d3       100%        6
 Maxwell's Capacitive Co  Air            1%         ∞         100%        8


Dungeon Overview and Level Annotations

Branches:
Dungeon (3/15)              Sewer (1/1)

Altars:
Kikubaaqudgha

Shops:
D:1 [:

Annotations:
D:3 Terence


Innate Abilities, Weirdness & Mutations

You are mostly covered in rugged brown scales. (AC +2, +5% HP)
You regenerate a little health from kills.


Message History

You feel very sick. You block the kobold's attack.
Casting: Necrotise (safe; 1% risk of failure)
Confirm with . or Enter, or press ? or * to list all spells.
You don't know that spell.
Casting: Necrotise (safe; 1% risk of failure)
Confirm with . or Enter, or press ? or * to list all spells.
Aiming: Necrotise (safe; 1% risk of failure)
Press: ? - help, Shift-Dir - straight line, f/p - kobold
Aim: a kobold, wielding a +0 dagger and quivering stones (severely wounded, chance to affect: 93%)
You feel a surge of power!
The kobold brigand writhes in agony.
You feel very sick.
The kobold brigand hits you with a +0 short sword.
Casting: Necrotise (safe; 1% risk of failure)
Confirm with . or Enter, or press ? or * to list all spells.
Aiming: Necrotise (safe; 1% risk of failure)
Press: ? - help, Shift-Dir - straight line, f/p - kobold
Aim: a kobold, wielding a +0 dagger and quivering stones (severely wounded, chance to affect: 93%)
You feel a surge of power!
The kobold brigand writhes in agony.
You feel sick. The kobold brigand closely misses you.
Casting: Necrotise (safe; 1% risk of failure)
Confirm with . or Enter, or press ? or * to list all spells.
Aiming: Necrotise (safe; 1% risk of failure)
Press: ? - help, Shift-Dir - straight line, f/p - kobold
Aim: a kobold, wielding a +0 dagger and quivering stones (severely wounded, chance to affect: 93%)
You feel a surge of power!
The kobold writhes in agony!
You kill the kobold!
Kikubaaqudgha accepts your kill.
The dead are walking!
You feel sick.
The kobold brigand hits you with a +0 short sword.
* * * LOW HITPOINT WARNING * * *
Casting: Necrotise (safe; 1% risk of failure)
Confirm with . or Enter, or press ? or * to list all spells.
Aiming: Necrotise (safe; 1% risk of failure)
Press: ? - help, Shift-Dir - straight line, f - kobold brigand
Aim: a kobold brigand, wielding a +0 short sword and quivering curare-tipped darts (lightly wounded, ally target, chance to affect: 83%)
You feel a surge of power!
The kobold brigand barely resists.
You feel sick.
The kobold brigand hits you with a +0 short sword.
You die...
Kikubaaqudgha rasps: "You have failed me!
Welcome... death!"

≈≈≈≈≈≈≈≈≈≈≈≈≈≈~~≈~≈..
≈≈≈≈≈≈≈≈≈≈≈≈≈≈≈≈≈≈≈≈~
≈≈≈≈≈≈≈≈≈≈≈≈≈≈≈≈≈≈≈~
≈≈≈≈≈≈≈≈≈≈≈≈≈≈≈≈≈≈~ ##
## #≈≈≈≈≈≈≈≈≈~≈≈≈≈~≈~
#..#..#≈~≈~~≈~~..~.~.~~.
#.....#~Z~.~~...........
#....)K................
#....)#@..........##....
#?.#. ##........#####...
# # ####...######...#
##### #∩÷.### #####


You could see a kobold brigand (ally target) and a friendly kobold skeleton.

Vanquished Creatures
  Jessica (D:2)
  2 adders
  3 river rats (Sewer)
  2 dart slugs (D:1)
  A ribbon worm (D:3)
  4 orcs (D:3)
  2 ball pythons
  3 bats
  6 endoplasms
  5 goblins
  4 hobgoblins
  3 quokkas
  14 kobolds
  14 rats
64 creatures vanquished.

Vanquished Creatures (collateral kills)
  A hobgoblin (D:1)
  A rat (Sewer)
2 creatures vanquished.

Grand Total: 66 creatures vanquished

Notes
Turn   | Place    | Note
-------+----------+-------------------------------------------
     0 | D:1      | PaiMei the Demonspawn Necromancer began the quest for the
                  | Orb.
     0 | D:1      | Reached XP level 1. HP: 13/13 MP: 3/3
   267 | D:1      | Gained mutation: You are partially covered in rugged brown
                  | scales. (AC +1, +3% HP) [demonic ancestry]
   267 | D:1      | Reached XP level 2. HP: 13/19 MP: 1/5
   382 | D:1      | Found Tafuib's Armour Shoppe.
   479 | D:1      | Found Gafivoza's Vocational Training.
  1205 | D:2      | Gained mutation: You are mostly covered in rugged brown
                  | scales. (AC +2, +5% HP) [demonic ancestry]
  1205 | D:2      | Reached XP level 3. HP: 20/26 MP: 2/6
  1509 | D:2      | Found an ancient bone altar of Kikubaaqudgha.
  1516 | D:2      | Reached skill level 1 in Fighting
  1516 | D:2      | Became a worshipper of Kikubaaqudgha
  1815 | D:2      | Noticed Jessica
  1819 | D:2      | Killed Jessica
  1820 | D:2      | Gained mutation: You regenerate a little health from kills.
                  | [demonic ancestry]
  1820 | D:2      | Reached XP level 4. HP: 33/33 MP: 4/8
  1938 | D:2      | Found a faded altar of an unknown god.
  2362 | D:3      | Found a glowing drain.
  2366 | D:3      | Noticed Terence
  2390 | D:3      | Reached skill level 5 in Necromancy
  2498 | Sewer    | Entered a sewer
  2700 | Sewer    | Reached * piety under Kikubaaqudgha
  2700 | Sewer    | Received a gift from Kikubaaqudgha
  2974 | Sewer    | Reached XP level 5. HP: 39/39 MP: 3/9
  3158 | Sewer    | Slain by a kobold brigand

Illustrated notes

Levels and vault maps discovered:
D:1:      noname_arrival_rooms_in_the_neighbourhood, layout_rooms, serial_shops,
          shop, nicolae_shop_vocational
D:2:      layout_basic, dreamdust_ecumenical_altar_hidden_monk_grotto,
          basic_altar, hex_intersection, uniq_jessica
D:3:      layout_loops_corners, cheibrodos_ashenzari_chains,
          cheibrodos_sewer_entry_sluice, uniq_terence
Sewer:    sewer_minmay_treatment

Skill      XL: |  1  2  3  4 |
---------------+-------------+-----
Dodging        | 2 |  2.8
Stealth        | 2 |  2.0
Fighting       | 1 |  1.9
Necromancy     | 5 |  5.1
Spellcasting   | 3 |  3.0

Action                     |  1- 3 |  4- 6 || total
---------------------------+-------+-------++-------
  Melee: Dagger            |     6 |       ||     6
         Club              |       |     3 ||     3
   Cast: Necrotise         |    55 |    67 ||   122
    Use: Potion            |       |     2 ||     2
 Armour: Robe              |    14 |    12 ||    26
  Dodge: Dodged            |    13 |    10 ||    23
  Block: Other             |     5 |     4 ||     9
         Reflection        |     1 |     1 ||     2
